 Dungeon Crawl Stone Soup version 0.30.0-5-g1a98f26d00 (webtiles) character file.

Game seed: 8711240046721924224

14092 MacCMillion the Fighter (level 12, -10/77 HPs)
             Began as a Gargoyle Earth Elementalist on May 12, 2023.
             Was a Follower of Vehumet.
             Mangled by Snorg (12 damage)
             ... on level 11 of the Dungeon.
             The game lasted 00:26:11 (14173 turns).

MacCMillion the Fighter (GrEE)                     Turns: 14173, Time: 00:26:12

Health: -10/77     AC: 15    Str: 11    XL:     12   Next: 12%
Magic:  6/18       EV: 15    Int: 26    God:    Vehumet [*.....]
Gold:   508        SH:  5    Dex: 16    Spells: 7/19 levels left

rFire   + . .        q - +2 short sword (vamp)
rCold   . . .        (no shield)
rNeg    + + .        x - +1 robe of Uskayaw's Grace {rN+ Int+4}
rPois   ∞            C - +0 helmet
rElec   +            (no cloak)
rCorr   .            u - +0 pair of gloves
SInv    .            U - +1 pair of boots
Will    .....        s - amulet of reflection
Stlth   ++           e - +6 ring of dexterity
HPRegen 0.32/turn    h - ring of protection from fire
MPRegen 0.16/turn

%: reflection
@: no status effects
A: sickness immunity, AC +8, negative energy resistance 1, electricity
resistance, torment resistance 1, petrification resistance
a: Renounce Religion


You were on level 11 of the Dungeon.
You worshipped Vehumet.
Vehumet was aware of your devotion.
You visited 2 branches of the dungeon, and saw 12 of its levels.
You also visited: Sewer and Bailey.

You collected 508 gold pieces.

Inventory:

Hand Weapons
 q - a +2 vampiric short sword (weapon)
Missiles
 y - a throwing net
Armour
 u - a +0 pair of gloves (worn)
 x - the +1 robe of Uskayaw's Grace (worn) {rN+ Int+4}
   (You found it on level 4 of the Dungeon)

   Int:       It affects your intelligence (+4).
   rN:        It protects you from negative energy.
 C - a +0 helmet (worn)
 P - +0 steam dragon scales
 U - a +1 pair of boots (worn)
Magical Staves
 f - a staff of poison
 k - a staff of fire
 R - a staff of conjuration
 S - a staff of air
Jewellery
 a - a ring of resist corrosion
 e - a +6 ring of dexterity (left hand)
 h - a ring of protection from fire (right hand)
 s - an amulet of reflection (around neck)
 w - a +6 ring of strength
 H - a ring of positive energy
 J - a +6 ring of dexterity
 O - an amulet of faith
Wands
 m - a wand of polymorph (7)
 F - a wand of paralysis (10)
 X - a wand of mindburst (3)
Scrolls
 i - 3 scrolls of teleportation
 n - a scroll of vulnerability {unknown}
 o - 2 scrolls of torment
 r - 2 scrolls of poison
 t - a scroll of amnesia
 z - 2 scrolls of immolation
 A - 2 scrolls of summoning
 B - 5 scrolls of blinking
 E - 6 scrolls of fear
 G - a scroll of noise
 L - 2 scrolls of fog
 M - 3 scrolls of enchant weapon
 N - 6 scrolls of magic mapping
 V - a scroll of enchant armour
 W - a scroll of silence
 Z - a scroll of acquirement
Potions
 b - 2 potions of magic
 c - 3 potions of cancellation
 d - 2 potions of invisibility
 g - 3 potions of might
 j - 3 potions of curing
 l - 7 potions of heal wounds
 p - 3 potions of resistance
 v - 3 potions of brilliance
 D - 2 potions of degeneration
 I - a potion of flight {unknown}
 K - a potion of experience {unknown}
 Q - a potion of haste {unknown}
 T - a potion of mutation {unknown}
 Y - 2 potions of attraction {unknown}


   Skills:
 - Level 10.0 Fighting
 - Level 6.0 Dodging
 - Level 2.1 Stealth
 - Level 4.0 Spellcasting
 + Level 8.6 Conjurations
 - Level 0.7 Transmutations
 + Level 9.4 Ice Magic
 + Level 4.6 Air Magic
 - Level 9.0 Earth Magic


You had 7 spell levels left.
You knew the following spells:

 Your Spells              Type           Power      Damage    Failure   Level
a - Sandblast             Erth           100%       2d20      1%          1
b - Stone Arrow           Conj/Erth      100%       3d13      1%          3
c - Frozen Ramparts       Ice            100%       1d16      1%          3
d - Freezing Cloud        Conj/Ice/Air   22%        6-21      11%         5

Your spell library contained the following spells:

 Spells                   Type           Power      Damage    Failure   Level
 Kiss of Death            Conj/Necr      100%       2d13      1%          1
 Freeze                   Ice            100%       1d10      1%          1
 Passwall                 Tmut/Erth      25%        N/A       1%          2
 Hailstorm                Conj/Ice       51%        3d11      1%          3
 Dazzling Flash           Conj/Hex       54%        N/A       4%          3
 Apportation              Tloc           10%        N/A       9%          1
 Petrify                  Tmut/Erth      30%        N/A       12%         4
 Ignite Poison            Fire/Tmut/Pois 6%         N/A       24%         3
 Silence                  Hex/Air        8%         N/A       65%         5
 Alistair's Intoxication  Tmut/Pois      4%         N/A       90%         5
 Agony                    Necr           5%         N/A       93%         5
 Cigotuvi's Dreadful Rot  Necr/Pois/Air  Unusable   N/A       N/A         2

Dungeon Overview and Level Annotations

Branches:
Dungeon (11/15)            Temple (1/1) D:4            Lair (0/5) D:8
  Sewer (visited)          Bailey (visited)
    Orc: D:9-12

Altars:
Ashenzari
Cheibriados
Dithmenos
Elyvilon
Fedhas
Gozag
Hepliaklqana
Kikubaaqudgha
Makhleb
Nemelex Xobeh
Okawaru
Qazlal
Ru
Sif Muna
Trog
Uskayaw
Vehumet
Wu Jian
Xom
Yredelemnul
Zin
The Shining One

Shops:
D:2 (   D:9 *

Annotations:
D:2 Terence
D:5 2 transporters, McKennaii's ghost, novice DgCj; Sigmund
D:6 3 runed translucent doors, NoOffense's ghost, novice SpBr
D:7 1 runed translucent door, Crazy Yiuf
D:11 Harold; Snorg


Innate Abilities, Weirdness & Mutations

You are immune to sickness and miasma.
Your stone body is resilient. (AC +8)
You are immune to poison.
You resist negative energy. (rN+)
You are resistant to electric shocks. (rElec)
You are resistant to unholy torment.
You are immune to petrification.


Message History

Snorg the Insatiable comes into view.
Snorg beckons gently.
Casting: Stone Arrow (safe; 1% risk of failure)
Confirm with . or Enter, or press ? or * to list all spells.
Aiming: Stone Arrow (safe; 1% risk of failure)
Press: ? - help, Shift-Dir - straight line, f - Snorg
Aim: Snorg (78% to hit)
The stone arrow hits Snorg!!
Snorg is moderately wounded.
Snorg goes berserk!
Casting: Stone Arrow (safe; 1% risk of failure)
Confirm with . or Enter, or press ? or * to list all spells.
Aiming: Stone Arrow (safe; 1% risk of failure)
Press: ? - help, Shift-Dir - straight line, f/p - Snorg
Aim: Snorg (moderately wounded, berserk, 78% to hit)
The stone arrow hits Snorg!
Snorg is heavily wounded.
Snorg closely misses you. Snorg misses you. You block Snorg's attack.
Snorg barely misses you. Snorg claws you! Snorg closely misses you.
Casting: Stone Arrow (safe; 1% risk of failure)
Confirm with . or Enter, or press ? or * to list all spells.
Aiming: Stone Arrow (safe; 1% risk of failure)
Press: ? - help, Shift-Dir - straight line, f/p - Snorg
Aim: Snorg (heavily wounded, berserk, 78% to hit)
The stone arrow hits Snorg!!
Snorg is severely wounded.
Snorg bites you!! Snorg claws you but does no damage. Snorg claws you!!
* * * LOW HITPOINT WARNING * * *
Casting: Stone Arrow (safe; 1% risk of failure)
Confirm with . or Enter, or press ? or * to list all spells.
Aiming: Stone Arrow (safe; 1% risk of failure)
Press: ? - help, Shift-Dir - straight line, f/p - Snorg
Aim: Snorg (severely wounded, berserk, 78% to hit)
The stone arrow hits Snorg!
Snorg is severely wounded.
Snorg barely misses you. You block Snorg's attack.
Snorg claws you but does no damage. Snorg bites you!!
* * * LOW HITPOINT WARNING * * *
Snorg misses you. Snorg claws you!
You die...

#..............
#........#####
#.............#
#..............
.......#......... #
.......#......... #
.......#...#..... #
..######T..#....# # .
#....@......... #
#............. #
#............. #
#........##### #
#........#....
############....#####....
....#....................
....#....................
....#......######...######


You could see Snorg (berserk).

Vanquished Creatures
  3 two-headed ogres
  A gargoyle (D:10)
  Joseph (D:7)
  An unseen horror (D:11)
  4 kobold demonologists (D:10)
  A vampire (D:9)
  24 yaks
  Eustachio (D:6)
  A steam dragon (D:8)
  2 wargs (D:8)
  Menkaure (D:6)
  9 vampire mosquitoes
  2 water moccasins
  7 orc warriors
  A black bear (D:5)
  A sky beast (D:8)
  Pargi (Sewer)
  5 ice beasts
  An ogre (D:6)
  2 phantoms (D:5)
  3 kobold brigands (D:10)
  6 bullfrogs
  Blork the orc (D:6)
  A gnoll sergeant (D:11)
  3 scorpions
  11 wights
  9 killer bees
  2 howler monkeys (D:10)
  6 electric eels (D:9)
  2 hounds
  A jelly (D:6)
  A gnoll bouda (D:5)
  6 orc priests
  5 iguanas
  2 sleepcaps
  Ijyb (D:5)
  6 orc wizards
  A statue (D:9)
  15 gnolls
  16 adders
  2 white imps
  An ufetubus (D:6)
  2 worms
  4 dart slugs
  27 orcs
  9 bats
  3 endoplasms
  6 giant cockroaches
  7 goblins
  3 hobgoblins
  17 kobolds
  6 quokkas
  7 ball pythons
  7 frilled lizards
  6 rats
274 creatures vanquished.

Vanquished Creatures (others)
  A kobold (D:10)
1 creature vanquished.

Grand Total: 275 creatures vanquished

Notes
Turn   | Place    | Note
-------+----------+-------------------------------------------
     0 | D:1      | MacCMillion the Gargoyle Earth Elementalist began the quest
                  | for the Orb.
     0 | D:1      | Reached XP level 1. HP: 10/10 MP: 3/3
   204 | D:1      | Reached XP level 2. HP: 15/15 MP: 3/5
   815 | D:2      | Reached skill level 5 in Earth Magic
   815 | D:2      | Reached XP level 3. HP: 19/19 MP: 3/6
   819 | D:2      | Learned a level 3 spell: Stone Arrow
   866 | D:2      | Noticed Terence
   924 | D:2      | Found a hide-covered altar of Uskayaw.
   960 | D:2      | You fall into a shaft and drop 1 floor!
  1067 | D:2      | Found Tuwugodd's Antique Weapon Shoppe.
  1414 | D:2      | Reached skill level 1 in Conjurations
  1414 | D:2      | Reached XP level 4. HP: 24/24 MP: 4/7
  2590 | D:4      | Found a staircase to the Ecumenical Temple.
  2602 | Temple   | Entered the Ecumenical Temple
  2602 | Temple   | Found a transporter.
  2602 | Temple   | Found a transporter.
  2614 | Temple   | Found a transporter.
  2614 | Temple   | Found a transporter.
  2651 | D:4      | Reached XP level 5. HP: 28/28 MP: 5/8
  3009 | D:4      | Identified the +1 robe of Uskayaw's Grace {rN+ Int+4}
  3204 | D:4      | Reached XP level 6. HP: 32/32 MP: 7/10
  3593 | D:5      | Entered Level 5 of the Dungeon
  3642 | D:5      | Reached XP level 7. HP: 36/36 MP: 10/12
  3945 | D:5      | Noticed McKennaii's ghost (novice DgCj)
  3946 | D:5      | Found a transporter.
  3946 | D:5      | Found a transporter.
  3991 | D:5      | Reached skill level 5 in Conjurations
  4083 | D:5      | Found a burning altar of Makhleb.
  4123 | D:5      | Noticed Ijyb
  4126 | D:5      | Killed Ijyb
  4170 | D:5      | Reached XP level 8. HP: 41/41 MP: 11/14
  4245 | D:5      | Found a sparkling altar of Nemelex Xobeh.
  4369 | D:5      | Noticed Sigmund
  5057 | D:6      | Reached skill level 1 in Fighting
  5102 | D:6      | Found a runed translucent gate.
  5102 | D:6      | Found a runed translucent gate.
  5102 | D:6      | Found a runed translucent gate.
  5113 | D:6      | Noticed Eustachio
  5122 | D:6      | Killed Eustachio
  5123 | D:6      | Reached skill level 2 in Fighting
  5157 | D:6      | Found an opulent altar of Gozag.
  5163 | D:6      | Reached skill level 3 in Fighting
  5231 | D:6      | Noticed Blork the orc
  5282 | D:6      | Found a glowing drain.
  5301 | Sewer    | Entered a sewer
  5343 | Sewer    | Noticed Pargi
  5347 | Sewer    | Killed Pargi
  5348 | Sewer    | Reached skill level 4 in Fighting
  5501 | D:6      | Killed Blork the orc
  5648 | D:6      | Found a broken altar of Ashenzari.
  5690 | D:6      | Noticed Menkaure
  5697 | D:6      | Killed Menkaure
  5698 | D:6      | Reached XP level 9. HP: 53/53 MP: 8/15
  5886 | D:6      | Noticed a purple ugly thing
  5887 | D:6      | Noticed a cyclops
  5887 | D:6      | Noticed NoOffense's ghost (novice SpBr)
  6052 | D:7      | Reached skill level 5 in Fighting
  6271 | D:7      | Noticed Joseph
  6284 | D:7      | Killed Joseph
  6285 | D:7      | Reached skill level 6 in Fighting
  6285 | D:7      | Reached skill level 5 in Dodging
  6502 | D:7      | Found a blossoming altar of Fedhas.
  6986 | D:7      | Reached skill level 7 in Fighting
  7097 | D:7      | Found a runed translucent door.
  7098 | D:7      | Noticed Crazy Yiuf
  7513 | D:8      | Found a staircase to the Lair.
  7624 | D:8      | Reached skill level 8 in Fighting
  7663 | D:8      | Learned a level 3 spell: Frozen Ramparts
  7757 | D:8      | Reached XP level 10. HP: 64/64 MP: 11/16
  7907 | D:8      | Reached skill level 5 in Ice Magic
  7982 | D:8      | Found a flagged portal.
  8126 | Bailey   | Entered a bailey
  8179 | Bailey   | Noticed an orc warlord
  8319 | Bailey   | Reached skill level 9 in Fighting
  8512 | Bailey   | Found a runed translucent gate.
  8515 | Bailey   | Found a runed translucent gate.
  8516 | Bailey   | Found a runed translucent gate.
  9710 | D:9      | Reached XP level 11. HP: 71/71 MP: 15/17
  9814 | D:9      | Noticed a two-headed ogre
  9822 | D:9      | Learned a level 5 spell: Freezing Cloud
  9829 | D:9      | Killed a two-headed ogre
  9830 | D:9      | Reached skill level 1 in Air Magic
  9918 | D:9      | Found a radiant altar of Vehumet.
  9937 | D:9      | Became a worshipper of Vehumet
 10514 | D:9      | Noticed a two-headed ogre
 10724 | D:8      | Acquired a staff of conjuration
 10772 | D:9      | Killed a two-headed ogre
 11023 | D:9      | Found Ylytuogg's General Store.
 11433 | D:10     | Entered Level 10 of the Dungeon
 11533 | D:10     | Noticed a two-headed ogre
 12051 | D:10     | Reached skill level 10 in Fighting
 12400 | D:10     | Reached * piety under Vehumet
 12400 | D:10     | Offered knowledge of Kiss of Death by Vehumet.
 13360 | D:10     | Killed a two-headed ogre
 13480 | D:11     | Reached XP level 12. HP: 70/77 MP: 16/18
 13980 | D:11     | Noticed Harold
 14162 | D:11     | Noticed Snorg
 14173 | D:11     | HP: 2/77 [Snorg (19)]
 14173 | D:11     | Mangled by Snorg

Illustrated notes

Levels and vault maps discovered:
D:1:      dpeg_arrival_orchard, layout_rooms, serial_rivers,
          chequers_serial_rivers_micro_b, chequers_serial_rivers_micro_e,
          chequers_serial_rivers_micro_e, chequers_serial_rivers_micro_d,
          chequers_serial_rivers_large_b, minmay_misc_feat_rows
D:2:      layout_basic, basic_altar, serial_shops, shop, uniq_terence
D:3:      layout_loops_ring
D:4:      layout_cave_pools, minmay_temple_entry_steel_oval,
          kennysheep_generic_room_10
D:5:      minmay_angry_zag, layout_basic, old_standard_altar,
          makhleb_blood_cavern_becter, gammafunk_ghost_smash,
          kennysheep_generic_room_3, uniq_sigmund, uniq_ijyb
D:6:      layout_rooms, nicolae_ashenzari_skybound, portal_sewer_entry_f,
          ebering_ghost_gozag, uniq_menkaure, uniq_blork_the_orc, uniq_eustachio
D:7:      layout_basic, lemuel_doored_altar, uniq_joseph,
          uniq_crazy_yiuf_cottage
D:8:      layout_loops_ring, erik_lair_orcish_takeover, enter_bailey_3
D:9:      layout_irregular_city, vehumet_statue, serial_shops,
          nicolae_shop_peninsula, serial_bayou, serial_bayou_pond_d,
          serial_bayou_pond_c, serial_bayou_pond_d, serial_bayou_lake_a
D:10:     layout_irregular_city
D:11:     layout_grid_maze, uniq_harold, uniq_snorg
Temple:   hellmonk_temple_divided_pantheon

Skill      XL: |  1  2  3  4  5  6  7  8  9 10 11 |
---------------+----------------------------------+-----
Earth Magic    | 4 5 6 8 9 |  9.0
Conjurations   | 1 3 5 8 |  8.6
Spellcasting   | 3 4 |  4.0
Fighting       | 4 8 9 10 | 10.0
Dodging        | 4 6 |  6.0
Ice Magic      | 2 7 9 |  9.4
Air Magic      | 4 |  4.6
Stealth        | |  2.1
Transmutations | |  0.7

Action                     |  1- 3 |  4- 6 |  7- 9 | 10-12 || total
---------------------------+-------+-------+-------+-------++-------
  Melee: Short sword       |       |       |     3 |    25 ||    28
   Cast: Sandblast         |    42 |    61 |   143 |   259 ||   505
         Stone Arrow       |       |       |     2 |    37 ||    39
  Evoke: Wand              |       |       |       |     2 ||     2
    Use: Scroll            |       |       |       |    23 ||    23
         Potion            |       |       |       |     1 ||     1
 Armour: Robe              |     5 |     3 |    15 |   131 ||   154
  Dodge: Dodged            |     2 |     6 |    29 |   232 ||   269
  Block: Other             |     2 |     6 |     9 |    75 ||    92
         Reflection        |       |       |     1 |     5 ||     6
